 Dungeon Crawl Stone Soup version 0.26-a0-812-g31a745ddcd (webtiles) character file.

Game seed: 2884410985051237204

14 Dracia the Poker (level 2, 0/22 HPs)
             Began as a Merfolk Gladiator on Dec 10, 2020.
             Succumbed to a gnoll's poison
             ... on level 1 of the Dungeon.
             The game lasted 00:00:34 (289 turns).

Dracia the Poker (Merfolk Gladiator)                 Turns: 289, Time: 00:00:35

Health: 0/22       AC:  4    Str: 14    XL:     2   Next: 41%
Magic:  2/2        EV: 14    Int:  7    God:
Gold:   0          SH:  0    Dex: 15    Spells: 1/1 levels left

rFire    . . .     SeeInvis .   g - +1 halberd (venom)
rCold    . . .     Faith    .   (shield currently unavailable)
rNeg     . . .     Spirit   .   b - +0 leather armour
rPois    .         Reflect  .   c - +0 helmet
rElec    .         Harm     .   (no cloak)
rCorr    .         Rampage  .   (no gloves)
MR       .....                  (no boots)
Stlth    +.........             (no amulet)
HPRegen  0.07/turn              (no ring)
MPRegen  0.08/turn              (no ring)

@: lethally poisoned (0 -> -7)
A: change form in water, swift swim, stealthy swim
a: no special abilities


You were on level 1 of the Dungeon.
You visited 1 branch of the dungeon, and saw 1 of its levels.


   Skills:
 - Level 2.1 Fighting
 + Level 5.5 Polearms
 - Level 2.0 Throwing
 - Level 4.0 Dodging


You had one spell level left.
You didn't know any spells.
Your spell library was empty.

Inventory:

Hand Weapons
 a - a +0 trident
 g - a +1 halberd of venom (weapon)
Missiles
 d - 3 throwing nets {=f=f}
 f - 11 poisoned darts (quivered)
Armour
 b - a +0 leather armour (worn)
 c - a +0 helmet (worn)
Scrolls
 e - a scroll of random uselessness {unknown}

Dungeon Overview and Level Annotations

Branches:
Dungeon (1/15)

Altars:

#........#
#........#
########.# #.# #.#
#####.# ..##.###
#.#(...##
#@#.##..##########
#.#.....#...##...#
#.#..#.........#.#
#.#..##..#'#..##.#
#.#...####⌠####..#
#.#.8..++⌠<⌠++..8#
#.#...####⌠####..#
#.#..##..#+#..##.#
#.#..#.........#.#


There were no monsters in sight!


Message History

* * * LOW HITPOINT WARNING * * *
You are lethally poisoned!
Attack whom?
Press: ? - help, Dir - move target cursor, f - gnoll
Aim: a gnoll, wielding a +1 halberd of venom You reach to attack!
You hit the gnoll.
The gnoll is moderately wounded.
* * * LOW HITPOINT WARNING * * *
You feel sick. The gnoll barely misses you.
You can't reach that far!
Press: ? - help, Dir - move target cursor, p - gnoll You can't reach that far!
Okay, then.
* * * LOW HITPOINT WARNING * * *
You feel sick. The gnoll barely misses you.
You puncture the gnoll!
You kill the gnoll!
Your Polearms skill increases to level 5!
You have reached level 2!
You aren't carrying any potions.
Unknown command.
* * * LOW HITPOINT WARNING * * *
You feel sick.
You see here a +1 halberd of venom.
g - a +1 halberd of venom Your +1 halberd of venom begins to drip with poison!
g - a +1 halberd of venom (weapon)
* * * LOW HITPOINT WARNING * * *
You feel sick.
You die...

Skill      XL: |  1 |
---------------+----+-----
Polearms       | 5 |  5.5
Fighting       | |  2.1
Throwing       | |  2.0
Dodging        | |  4.0

Action                   || total
-------------------------++-------
Melee: Trident           ||    10
Armor: Leather armour    ||     1
Dodge: Dodged            ||     5

Levels and vault maps discovered:
D:1:      grunt_arrival_crossed_arrows, layout_basic, nemelex_altar_shiori

Notes
Turn   | Place    | Note
-------+----------+-------------------------------------------
     0 | D:1      | Dracia the Merfolk Gladiator began the quest for the Orb.
     0 | D:1      | Reached XP level 1. HP: 16/16 MP: 1/1
   284 | D:1      | Reached skill level 5 in Polearms
   284 | D:1      | Reached XP level 2. HP: 3/22 MP: 2/2
   285 | D:1      | HP: 2/22 [poisoned by a gnoll]
   289 | D:1      | Succumbed to a gnoll's poison

Vanquished Creatures
  A gnoll (D:1)
  A goblin (D:1)
  A hobgoblin (D:1)
  A rat (D:1)
4 creatures vanquished.

Table legend: (Time is in decaauts)
 A = Elapsed time spent in this place.
 B = Non-inter-level travel time spent in this place.
 C = Inter-level travel time spent in this place.
 D = Time resting spent in this place.
 E = Time spent auto-exploring this place.
 F = Levels seen in this place.
 G = Mean time per level.
                   A        B        C        D        E       F      G
               +--------+--------+--------+--------+--------+-----+--------+
         Total |    289 |    289 |      0 |      0 |    258 |   1 |  289.0 |
       Dungeon |    289 |    289 |      0 |      0 |    258 |   1 |  289.0 |
               +--------+--------+--------+--------+--------+-----+--------+

Top non-repeatable levels by time:
     D:1: 289 daAuts

Table legend:
 A = Non-vault XP
 B = Vault XP
 C = Vault XP percentage of total XP
 D = Non-vault monster count
 E = Vault monster count
 F = Vault count percentage of total count
                 A         B        C        D         E       F
            +---------+---------+-------+---------+---------+-------
      Total |      20 |       0 |   0.0 |       4 |       0 |   0.0
            +---------+---------+-------+---------+---------+-------
        D:1 |      20 |       0 |   0.0 |       4 |       0 |   0.0
            +---------+---------+-------+---------+---------+-------
